 Dungeon Crawl Stone Soup version 0.26-a0-712-ga5a9c9c9d0 (webtiles) character file.

Game seed: 8522814242272684861

21262 Gargoyl the Fighter (level 12, -2/97 HPs)
             Began as a Gnoll Abyssal Knight on Nov 1, 2020.
             Was a High Priest of Lugonu.
             Slain by Rupert
             ... wielding a +2 great mace of holy wrath
              (7 damage)
             ... on level 12 of the Dungeon.
             The game lasted 00:24:26 (15898 turns).

Gargoyl the Fighter (Gnoll Abyssal Knight)         Turns: 15898, Time: 00:24:27

Health: -2/97      AC: 22    Str: 22    XL:     12   Next: 88%
Magic:  19/23      EV: 11    Int: 15    God:    Lugonu [*****.]
Gold:   406        SH:  0    Dex: 15    Spells: 26/26 levels left

rFire    . . .     SeeInvis +   d - +2 war axe (flame)
rCold    . . .     Faith    .   (no shield)
rNeg     + . .     Spirit   .   w - +1 plate armour
rPois    .         Reflect  .   (no helmet)
rElec    .         Harm     .   b - +2 cloak
rCorr    .         Rampage  .   p - +1 pair of gloves {Str+3}
MR       .....                  a - +0 pair of boots
Stlth    ..........             G - amulet of the acrobat
HPRegen  0.26/turn              l - ring of see invisible
MPRegen  0.18/turn              u - ring of positive energy

@: mighty, hasted (expiring), very quick
A: distributed training, fangs 1, strong nose
a: Depart the Abyss, Bend Space, Banish, Corrupt, Enter the Abyss, Renounce
Religion


You were on level 12 of the Dungeon.
You worshipped Lugonu.
Lugonu was extremely pleased with you.
You visited 1 branch of the dungeon, and saw 13 of its levels.
You visited the Abyss 1 time.

You collected 822 gold pieces.
You spent 416 gold pieces at shops.

Inventory:

Hand Weapons
 d - a +2 war axe of flaming (weapon)
 F - a +1 war axe of holy wrath
 I - a +3 hand axe
Missiles
 y - 16 poisoned darts (quivered)
Armour
 a - a +0 pair of boots (worn)
 b - a +2 cloak (worn)
 p - a +1 pair of gloves of strength (worn)
 w - a +1 plate armour (worn)
Jewellery
 l - a ring of see invisible (left hand)
 u - a ring of positive energy (right hand)
 x - an uncursed amulet of reflection
 G - an amulet of the acrobat (around neck)
 J - an uncursed ring of flight
Wands
 c - a wand of disintegration (18)
 t - a wand of flame (19)
 z - a wand of polymorph (19)
 C - a wand of iceblast (19)
 D - a wand of enslavement (6)
Scrolls
 i - 3 scrolls of fog
 m - 3 scrolls of remove curse
 v - a scroll of identify
 B - a scroll of magic mapping
 E - 3 scrolls of enchant armour
Potions
 e - 2 potions of flight
 f - 3 potions of heal wounds
 g - 4 potions of lignification
 h - 2 potions of might
 k - a potion of cancellation {unknown}
 n - 5 potions of curing
 o - 4 potions of brilliance
 q - a potion of magic
 r - 2 potions of berserk rage {unknown}
 s - 2 potions of degeneration {unknown}
 A - a potion of stabbing {unknown}


   Skills:
 + Level 10.1 Fighting
 + Level 7.7 Short Blades
 + Level 7.7 Long Blades
 + Level 9.0 Axes
 + Level 7.7 Maces & Flails
 + Level 7.7 Polearms
 + Level 7.7 Staves
 + Level 7.7 Slings
 + Level 7.7 Bows
 + Level 7.7 Crossbows
 + Level 7.7 Throwing
 + Level 9.0 Armour
 + Level 8.2 Dodging
 + Level 7.7 Stealth
 + Level 7.7 Shields
 + Level 7.7 Unarmed Combat
 + Level 7.7 Spellcasting
 + Level 6.4 Conjurations
 + Level 6.4 Hexes
 + Level 6.4 Summonings
 + Level 6.4 Necromancy
 + Level 6.4 Translocations
 + Level 6.4 Transmutations
 + Level 6.4 Fire Magic
 + Level 6.4 Ice Magic
 + Level 6.4 Air Magic
 + Level 6.4 Earth Magic
 + Level 6.4 Poison Magic
 + Level 9.6 Invocations
 + Level 7.7 Evocations


You had 26 spell levels left.
You didn't know any spells.
Your spell library was empty.

Dungeon Overview and Level Annotations

Branches:
Dungeon (13/15)            Temple (0/1) D:6            Lair (0/6) D:11
    Orc (0/2) D:12
 Vaults: D:13-14

Altars:
Cheibriados
Elyvilon
Gozag
Nemelex Xobeh
Trog
Uskayaw
Wu Jian
Zin
The Shining One

Shops:
D:4 =   D:6 }   D:8 [   D:10 *}}

Portals:
Trove: D:11 (give 2 scrolls of acquirement)

Annotations:
D:4 2 transporters
D:12 Rupert


Innate Abilities, Weirdness & Mutations

Your experience applies equally to all skills.
You have very sharp teeth.
Your uncanny sense of smell can sniff out nearby items.


Message History

You slash Rupert! You burn Rupert.
Rupert is severely wounded.
Okay, then.
You closely miss Rupert.
Rupert is severely wounded.
Your extra speed is starting to run out.
Rupert barely misses you.
You slice Rupert!! You burn Rupert.
Rupert is severely wounded.
Rupert barely misses you.
You slash Rupert! You burn Rupert. You bite Rupert.
Rupert is almost dead.
Rupert hits you with a +2 great mace of holy wrath!!
* * * LOW HITPOINT WARNING * * *
Rupert rages.
Press: ? - help, Shift-Dir - straight line, f - Rupert
Aim: Rupert, wielding a +2 great mace of holy wrath and wearing a +0 leather armour (almost dead, berserk, chance to defeat MR: 23%) Rupert resists with almost no effort.
Rupert hits you with a +2 great mace of holy wrath!
You die...

......# #.##### #.# .###.##
#.....# #.# .###.# #####.#
#.# .....# ##### #.#
#.##### .##### #...####.##
#.....### .#
#.........##########.#.# ##
#................#...#.# .#
#.....@..............#.# .#
#...###@.........#.#.#.#
.#########...#
#..........#(.....
........##...#
#..........###.#.#
[.......##...# #..........#
#.#.#
........##...###..........#
#...#
........##................#
#...#
........###...............#
#...# ........#
#......#.......####(..#
........#
#.<....#......))((.....


You could see Rupert (berserk).

Vanquished Creatures
  Erolcha (D:9)
  Erica (D:10)
  2 two-headed ogres
  Urug (D:12)
  Nergalle (D:10)
  A wizard (D:10)
  3 unseen horrors
  2 ugly things (D:11)
  A deep elf mage (D:13)
  2 cyclopes (D:12)
  A moth of wrath (shapeshifter) (D:13)
  Psyche (D:10)
  Maggie (D:7)
  A komodo dragon (D:11)
  4 trolls
  4 slime creatures (D:12)
  2 wyverns
  A wraith (D:7)
  A vampire (D:13)
  15 yaks
  Eustachio (D:4)
  Grum (D:10)
  An acid dragon (D:13)
  5 water moccasins (D:11)
  7 orc warriors
  An ice beast (D:8)
  2 sky beasts
  A black bear (D:11)
  3 ogres
  2 wolves (D:10)
  A necrophage (D:10)
  6 centaurs
  2 big kobolds
  5 bullfrogs
  7 scorpions
  3 killer bees (D:8)
  8 wights
  4 howler monkeys
  A bullfrog zombie (D:8)
  5 centaur zombies
  5 hounds
  5 jellies
  A gnoll shaman (D:8)
  6 orc priests
  2 bullfrog skeletons
  4 iguanas
  17 orc wizards
  4 worker ants
  2 hound skeletons (D:10)
  A hound zombie (D:8)
  A howler monkey zombie (D:6)
  4 gnolls (D:8)
  8 adders
  2 shadow imps
  5 white imps
  3 ufetubi
  3 oozes
  2 adder zombies
  A worm (D:4)
  A leopard gecko (D:3)
  69 orcs
  6 bats
  6 giant cockroaches
  3 goblins
  3 hobgoblins (D:1)
  9 jackals
  9 kobolds
  2 quokkas
  A ball python (D:1)
  9 frilled lizards
  A leopard gecko zombie (D:7)
  A quokka zombie (D:6)
  7 rats
315 creatures vanquished.

Vanquished Creatures (others)
  A shadow imp (D:6)
  61 fungi (D:11)
  38 plants (D:11)
100 creatures vanquished.

Grand Total: 415 creatures vanquished

Notes
Turn   | Place    | Note
-------+----------+-------------------------------------------
     0 | Abyss:1  | Gargoyl the Gnoll Abyssal Knight began the quest for the
                  | Orb.
     0 | Abyss:1  | Reached XP level 1. HP: 23/23 MP: 3/3
    37 | Abyss:1  | Noticed a starcursed mass
    40 | D:1      | Escaped the Abyss
   372 | D:1      | Reached XP level 2. HP: 29/29 MP: 5/5
   614 | D:1      | Reached * piety under Lugonu
  1122 | D:2      | Reached XP level 3. HP: 34/35 MP: 6/6
  1809 | D:3      | Reached skill level 1 in Short Blades
  1809 | D:3      | Reached skill level 1 in Long Blades
  1809 | D:3      | Reached skill level 1 in Maces & Flails
  1809 | D:3      | Reached skill level 1 in Polearms
  1809 | D:3      | Reached skill level 1 in Staves
  1809 | D:3      | Reached skill level 1 in Slings
  1809 | D:3      | Reached skill level 1 in Bows
  1809 | D:3      | Reached skill level 1 in Crossbows
  1809 | D:3      | Reached skill level 1 in Throwing
  1809 | D:3      | Reached skill level 1 in Stealth
  1809 | D:3      | Reached skill level 1 in Shields
  1809 | D:3      | Reached skill level 1 in Unarmed Combat
  1809 | D:3      | Reached skill level 1 in Spellcasting
  1809 | D:3      | Reached skill level 1 in Evocations
  1809 | D:3      | Reached XP level 4. HP: 41/41 MP: 7/7
  1832 | D:3      | Reached skill level 1 in Conjurations
  1832 | D:3      | Reached skill level 1 in Hexes
  1832 | D:3      | Reached skill level 1 in Summonings
  1832 | D:3      | Reached skill level 1 in Necromancy
  1832 | D:3      | Reached skill level 1 in Translocations
  1832 | D:3      | Reached skill level 1 in Transmutations
  1832 | D:3      | Reached skill level 1 in Fire Magic
  1832 | D:3      | Reached skill level 1 in Ice Magic
  1832 | D:3      | Reached skill level 1 in Air Magic
  1832 | D:3      | Reached skill level 1 in Earth Magic
  1832 | D:3      | Reached skill level 1 in Poison Magic
  2044 | D:3      | Reached ** piety under Lugonu
  2050 | D:3      | Reached XP level 5. HP: 45/47 MP: 8/8
  2487 | D:3      | Found a glowing golden altar of the Shining One.
  2654 | D:4      | Noticed an ogre
  2662 | D:4      | Killed an ogre
  2662 | D:4      | Reached skill level 5 in Invocations
  2662 | D:4      | Reached XP level 6. HP: 24/53 MP: 9/9
  2873 | D:4      | Found a transporter.
  2963 | D:4      | Found Zin's Purification Station.
  2974 | D:4      | Reached skill level 5 in Axes
  2974 | D:4      | Reached skill level 5 in Armour
  2975 | D:4      | Found a glowing silver altar of Zin.
  2994 | D:4      | Bought a potion of curing for 90 gold pieces
  3147 | D:4      | Noticed Eustachio
  3190 | D:4      | Killed Eustachio
  3314 | D:4      | Reached XP level 7. HP: 59/59 MP: 10/10
  3361 | D:4      | Found Icier's Jewellery Shoppe.
  3385 | D:4      | Found a transporter.
  3413 | D:4      | Reached skill level 7 in Fighting
  3726 | D:5      | Entered Level 5 of the Dungeon
  4455 | D:6      | Found a staircase to the Ecumenical Temple.
  4726 | D:6      | Reached XP level 8. HP: 58/67 MP: 8/12
  4962 | D:6      | Found Roedghix's Gadget Shoppe.
  5867 | D:6      | HP: 2/67 [orc warrior/+0 trident (12)]
  6292 | D:7      | Noticed Maggie
  6750 | D:7      | Killed Maggie
  6750 | D:7      | Reached XP level 9. HP: 35/73 MP: 6/14
  6772 | D:7      | Found a sparkling altar of Nemelex Xobeh.
  6772 | D:7      | Found an ornate altar of the Wu Jian Council.
  7194 | D:7      | Reached *** piety under Lugonu
  7479 | D:7      | Found a snail-covered altar of Cheibriados.
  7524 | D:7      | Found the +5 scythe "Finisher" {speed, eviscerate}
  7535 | D:7      | Reached skill level 5 in Dodging
  7757 | D:7      | Found a white marble altar of Elyvilon.
  8062 | D:8      | Reached skill level 8 in Fighting
  8256 | D:8      | Found Odakeen's Armour Emporium.
  8258 | D:8      | Noticed a green ugly thing
  8272 | D:8      | Banished a green ugly thing
  8521 | D:8      | Bought a +1 pair of gloves of strength for 181 gold pieces
  8583 | D:8      | Reached XP level 10. HP: 80/80 MP: 17/17
  9013 | D:8      | Reached skill level 5 in Short Blades
  9013 | D:8      | Reached skill level 5 in Long Blades
  9013 | D:8      | Reached skill level 5 in Maces & Flails
  9013 | D:8      | Reached skill level 5 in Polearms
  9013 | D:8      | Reached skill level 5 in Staves
  9013 | D:8      | Reached skill level 5 in Slings
  9013 | D:8      | Reached skill level 5 in Bows
  9013 | D:8      | Reached skill level 5 in Crossbows
  9013 | D:8      | Reached skill level 5 in Throwing
  9013 | D:8      | Reached skill level 5 in Stealth
  9013 | D:8      | Reached skill level 5 in Shields
  9013 | D:8      | Reached skill level 5 in Unarmed Combat
  9013 | D:8      | Reached skill level 5 in Spellcasting
  9013 | D:8      | Reached skill level 5 in Evocations
  9216 | D:9      | Noticed a two-headed ogre
  9536 | D:9      | Killed a two-headed ogre
  9863 | D:9      | Noticed Erolcha
 10130 | D:9      | Paralysed by Erolcha for 3 turns
 10149 | D:9      | Killed Erolcha
 10266 | D:9      | Reached **** piety under Lugonu
 10393 | D:9      | Found a bloodstained altar of Trog.
 10403 | D:9      | Found a hide-covered altar of Uskayaw.
 10508 | D:9      | Reached XP level 11. HP: 67/87 MP: 16/19
 10528 | D:9      | Reached skill level 9 in Fighting
 10532 | D:9      | Reached skill level 5 in Conjurations
 10532 | D:9      | Reached skill level 5 in Hexes
 10532 | D:9      | Reached skill level 5 in Summonings
 10532 | D:9      | Reached skill level 5 in Necromancy
 10532 | D:9      | Reached skill level 5 in Translocations
 10532 | D:9      | Reached skill level 5 in Transmutations
 10532 | D:9      | Reached skill level 5 in Fire Magic
 10532 | D:9      | Reached skill level 5 in Ice Magic
 10532 | D:9      | Reached skill level 5 in Air Magic
 10532 | D:9      | Reached skill level 5 in Earth Magic
 10532 | D:9      | Reached skill level 5 in Poison Magic
 10852 | D:10     | Entered Level 10 of the Dungeon
 10929 | D:10     | Found Qeecu's Assorted Antiques.
 10936 | D:10     | Noticed Psyche
 10941 | D:10     | Killed Psyche
 10945 | D:10     | Bought a thick golden amulet for 145 gold pieces
 11123 | D:10     | Noticed a wizard
 11134 | D:10     | Killed a wizard
 11224 | D:10     | Found Udwuimon's Gadget Shop.
 11227 | D:10     | Found Ymuo's Gadget Emporium.
 11249 | D:10     | Noticed Nergalle
 11253 | D:10     | Noticed Grum
 11262 | D:10     | Killed Nergalle
 11272 | D:10     | Killed Grum
 11678 | D:10     | Noticed Erica
 11692 | D:10     | Killed Erica
 12221 | D:11     | Noticed a purple ugly thing
 12236 | D:11     | Killed a purple ugly thing
 12405 | D:11     | Reached ***** piety under Lugonu
 12876 | D:11     | Found a staircase to the Lair.
 12902 | D:11     | Found an opulent altar of Gozag.
 12926 | D:11     | Noticed a cyan ugly thing
 12939 | D:11     | Killed a cyan ugly thing
 12939 | D:11     | Reached XP level 12. HP: 48/96 MP: 22/22
 13860 | D:11     | Noticed a two-headed ogre
 13867 | D:11     | Killed a two-headed ogre
 14083 | D:11     | Found a portal to a secret trove of treasure.
 14326 | D:12     | Noticed Urug
 14343 | D:12     | Killed Urug
 14346 | D:12     | Found a staircase to the Orcish Mines.
 15362 | D:12     | Reached skill level 10 in Fighting
 15838 | D:13     | Noticed Rupert
 15881 | D:12     | Paralysed by Rupert for 6 turns
 15898 | D:12     | Slain by Rupert

Illustrated notes

Levels and vault maps discovered:
D:1:      lemuel_arrival_room, layout_rooms
D:2:      layout_basic
D:3:      layout_loops_ring, tso_altar, solitary_fountain
D:4:      gammafunk_steamed_eel, layout_loops_ring, zin_purify, serial_shops,
          shop, uniq_eustachio
D:5:      layout_loops_ring, chequers_serial_rivers_small_a
D:6:      layout_basic, minmay_temple_entry_sparse_star, serial_shops,
          nicolae_shop_stone, lemuel_old_faithful
D:7:      layout_rooms, nicolae_overflow_crystal_walls, kennysheep_little_box,
          gammafunk_temple_overflow_statue, chequers_ossuary_entry_cave,
          grunt_ministairs_7, minmay_guarded_unrand_finisher, uniq_maggie
D:8:      layout_basic, serial_shops, shop
D:9:      layout_cave_pools, lemuel_doored_altar, overflow_temple_1_default,
          uniq_erolcha
D:10:     layout_loops_ring, serial_shops, shop, shop,
          nicolae_shop_competitors_out_of_business, uniq_grum, uniq_psyche,
          uniq_nergalle, uniq_erica
D:11:     layout_loops_ring, due_lair_maze_entry_diamond,
          nicolae_trove_entry_crystal,
          nicolae_gozag_cash_rules_everything_around_me
D:12:     layout_basic, david_orc_2, chequers_garden, uniq_urug
D:13:     layout_loops_ring, tgw_lugonu_bribe, uniq_rupert, uniq_maurice,
          uniq_snorg, uniq_josephine

Skill      XL: |  1  2  3  4  5  6  7  8  9 10 11 12 |
---------------+-------------------------------------+-----
Short Blades   | 1 2 3 4 5 6 7 |  7.7
Long Blades    | 1 2 3 4 5 6 7 |  7.7
Maces & Flails | 1 2 3 4 5 6 7 |  7.7
Polearms       | 1 2 3 4 5 6 7 |  7.7
Staves         | 1 2 3 4 5 6 7 |  7.7
Slings         | 1 2 3 4 5 6 7 |  7.7
Bows           | 1 2 3 4 5 6 7 |  7.7
Crossbows      | 1 2 3 4 5 6 7 |  7.7
Throwing       | 1 2 3 4 5 6 7 |  7.7
Stealth        | 1 2 3 4 5 6 7 |  7.7
Shields        | 1 2 3 4 5 6 7 |  7.7
Unarmed Combat | 1 2 3 4 5 6 7 |  7.7
Spellcasting   | 1 2 3 4 5 6 7 |  7.7
Evocations     | 1 2 3 4 5 6 7 |  7.7
Conjurations   | 1 2 3 4 5 6 |  6.4
Hexes          | 1 2 3 4 5 6 |  6.4
Summonings     | 1 2 3 4 5 6 |  6.4
Necromancy     | 1 2 3 4 5 6 |  6.4
Translocations | 1 2 3 4 5 6 |  6.4
Transmutations | 1 2 3 4 5 6 |  6.4
Fire Magic     | 1 2 3 4 5 6 |  6.4
Ice Magic      | 1 2 3 4 5 6 |  6.4
Air Magic      | 1 2 3 4 5 6 |  6.4
Earth Magic    | 1 2 3 4 5 6 |  6.4
Poison Magic   | 1 2 3 4 5 6 |  6.4
Dodging        | 3 4 5 6 7 8 |  8.2
Invocations    | 5 6 7 8 9 |  9.6
Axes           | 5 6 7 8 9 |  9.0
Armour         | 5 6 7 8 9 |  9.0
Fighting       | 7 8 9 10 | 10.1

Action                   |  1- 3 |  4- 6 |  7- 9 | 10-12 || total
-------------------------+-------+-------+-------+-------++-------
Melee: Hand axe          |    98 |    88 |   191 |       ||   377
       Bite              |     6 |    21 |    39 |    96 ||   162
       Falchion          |       |    70 |    36 |       ||   106
       Punch             |       |     1 |     4 |    21 ||    26
       War axe           |       |       |   110 |   701 ||   811
Throw: Dart              |       |     1 |     8 |    33 ||    42
Invok: Depart the Abyss  |     1 |       |       |       ||     1
       Bend Space        |       |       |     3 |       ||     3
       Banish            |       |       |     3 |     2 ||     5
Evoke: Wand              |       |       |     5 |       ||     5
  Use: Scroll            |     7 |     3 |    12 |     8 ||    30
       Potion            |       |       |     3 |     2 ||     5
Armor: Leather armour    |     8 |       |       |       ||     8
       Ring mail         |    36 |   120 |    20 |       ||   176
       Plate armour      |       |       |   256 |   430 ||   686
Dodge: Dodged            |    65 |   176 |   160 |   426 ||   827
       Rpst.: Falchion   |       |    28 |     9 |       ||    37

Table legend: (Time is in decaauts)
 A = Elapsed time spent in this place.
 B = Non-inter-level travel time spent in this place.
 C = Inter-level travel time spent in this place.
 D = Time resting spent in this place.
 E = Time spent auto-exploring this place.
 F = Levels seen in this place.
 G = Mean time per level.
                   A        B        C        D        E       F      G
               +--------+--------+--------+--------+--------+-----+--------+
         Total |  16032 |  15689 |    343 |   3413 |   9219 |  14 | 1145.1 |
       Dungeon |  15992 |  15649 |    343 |   3413 |   9196 |  13 | 1230.2 |
         Abyss |     40 |     40 |      0 |      0 |     23 |   1 |   40.0 |
               +--------+--------+--------+--------+--------+-----+--------+

Top non-repeatable levels by time:
     D:6: 2208 daAuts
    D:11: 2011 daAuts
     D:8: 2000 daAuts
    D:10: 1359 daAuts
    D:12: 1345 daAuts
     D:7: 1321 daAuts
     D:4: 1124 daAuts
     D:2: 989 daAuts
     D:9: 940 daAuts
     D:3: 889 daAuts
     D:5: 717 daAuts
     D:1: 711 daAuts
    D:13: 372 daAuts
 Abyss:1: 40 daAuts
